 Dungeon Crawl Stone Soup version 0.18-a0-1805-g8ab820f (webtiles) character file.

7463 MovingMist the Fighter (level 10, -1/83 HPs)
             Began as a Demonspawn Fighter on Apr 25, 2016.
             Was a High Priest of Makhleb.
             Slain by a blink frog (5 damage)
             ... on level 1 of the Lair of Beasts on Apr 26, 2016.
             The game lasted 00:27:43 (6830 turns).

MovingMist the Fighter (Demonspawn Fighter)         Turns: 6830, Time: 00:27:45

Health: -1/83      AC: 23    Str: 18      XL:     10   Next: 94%
Magic:  14/14      EV:  9    Int:  9      God:    Makhleb [*****.]
Gold:   556        SH:  0    Dex: 14 (15) Spells: 0 memorised, 9 levels left

rFire  . . .     SeeInvis .     p - +2 hand axe (elec)
rCold  + . .     Gourm    .     g - +1 plate armour
rNeg   . . .     Faith    .     (no shield)
rPois  +         Spirit   .     (helmet restricted)
rElec  .         Dismiss  .     (no cloak)
rCorr  .         Reflect  .     k - +0 pair of gloves
SustAt .         Harm     .     (no boots)
MR     .....     Rnd*Rage +     (no amulet)
Stlth  ..........               u - ring of wizardry
                                y - ring of poison resistance

@: not resistant to hostile enchantments, extremely unstealthy
A: horns 1, iridescent scales 3, berserk 1, blurry vision 1, cold resistance 1,
deterioration 2, slow regeneration 1
a: Minor Destruction, Lesser Servant of Makhleb, Major Destruction, Greater
Servant of Makhleb, Renounce Religion


You were on level 1 of the Lair of Beasts.
You worshipped Makhleb.
Makhleb was extremely pleased with you.
You were not hungry.

You visited 2 branches of the dungeon, and saw 9 of its levels.

You collected 556 gold pieces.

Inventory:

Hand Weapons
 a - a +0 war axe
 h - a +2 hand axe of chopping
 j - a +4 vampiric war axe
 m - a +3 whip
 p - a +2 hand axe of electrocution (weapon)
 z - a +3 mace
Missiles
 q - 2 javelins (quivered)
Armour
 b - a +0 scale mail
 c - a +0 shield
 g - a +1 plate armour (worn)
 k - a +0 pair of gloves (worn)
Jewellery
 u - a ring of wizardry (right hand)
 y - a ring of poison resistance (left hand)
Wands
 n - a wand of polymorph (11/24)
 o - a wand of disintegration (17/24)
 G - a wand of polymorph (20/24)
Scrolls
 i - a scroll of teleportation
 v - 3 scrolls of fog
 w - 2 scrolls of remove curse
 I - a scroll of amnesia {unknown}
 L - a scroll of identify
Potions
 e - 2 potions of curing
 l - a potion of agility
 r - a potion of magic
 x - a potion of flight
 A - a potion of berserk rage
 B - a potion of brilliance
 C - a potion of might
 D - a potion of haste
 E - a potion of cure mutation {unknown}
 F - a potion of heal wounds {unknown}
 K - a potion of lignification {unknown}
Books
 s - a book of Ice

   Spells                             Type                      Level
   a - Ice Form                       Ice/Transmutation            4
   b - Metabolic Englaciation         Hexes/Ice                    5
   c - Ozocubu's Refrigeration        Ice                          6
   d - Bolt of Cold                   Conjuration/Ice              6
   e - Freezing Cloud                 Conjuration/Ice/Air          6
   f - Simulacrum                     Ice/Necromancy               6
Comestibles
 d - 9 slices of pizza
 f - 6 bread rations
 t - 5 meat rations
 J - 4 fruits
 M - 2 beef jerkies


   Skills:
 + Level 9.3 Fighting
 + Level 8.1 Axes
 + Level 6.2 Armour
 - Level 7.8 Dodging
 - Level 2.6 Shields
 + Level 6.3 Invocations


You had 9 spell levels left.
You didn't know any spells.

Dungeon Overview and Level Annotations

Branches:
Dungeon (8/15)             Temple (0/1) D:6            Lair (1/8) D:8

Altars:
Dithmenos
Gozag
Kikubaaqudgha
Makhleb
Okawaru
Pakellas
Ru
Sif Muna
The Shining One

Shops:
D:8 (


Innate Abilities, Weirdness & Mutations

You have a pair of small horns on your head.
You are completely covered in iridescent scales (AC +8).
Your flesh is cold resistant.
You tend to lose your temper in combat.
Scrolls take you a little longer to read.
Your body often deteriorates upon taking damage.
You regenerate slowly when monsters are visible.


Message History

You miss the blink frog.
The blink frog is lightly wounded.
The blink frog hits you.
* * * LOW HITPOINT WARNING * * *
The blink frog blinks!
The blink frog hits you but does no damage.
The yak barely misses you.
You hit the yak. Your headbutt misses the yak.
The yak is heavily wounded.
You hit the blink frog.
The blink frog is severely wounded.
The blink frog blinks! x3; The yak gores you but does no damage.
You slash the yak!
There is a sudden explosion of sparks!
You kill the yak!
Makhleb accepts your kill.
You feel your intelligence returning.
You hit the blink frog.
The blink frog is severely wounded.
The blink frog hits you.
You die...

....##..### ....##.####...#
..%........................#
...........................#
...............F...........#
.÷÷.(.......§.F............#
....#...P.......##...##....#
......##........ #######...#
..............F§##....#....##
...#####.F.....§@.Y§...'....#
.... ###(..F##....##$..P#
.... #..... #....##.†..#
..### #..... #....#....## .#
#...... #....##....# ..
....... #....##...## .
#...... ####.##...# .......
#+.....# ....#


You could see a yak and 5 blink frogs.

Vanquished Creatures
  An elephant (D:8)
  A black mamba (Lair:1)
  Prince Ribbit (D:7)
  10 spriggans (D:5)
  A human (D:8)
  10 yaks
  A hippogriff (D:8)
  A hungry ghost (D:7)
  Menkaure (D:5)
  The ghost of JetFlynn the Caller, an amateur TeSu (D:3)
  Duvessa (D:7)
  A porcupine (Lair:1)
  An orc warrior (D:6)
  3 sky beasts
  2 ice beasts (D:5)
  An ogre (D:7)
  3 centaurs
  2 crocodiles
  A giant frog (D:7)
  Dowan (D:7)
  A wyvern skeleton (D:6)
  4 wights (D:8)
  A howler monkey (D:6)
  2 jellies
  3 crimson imps
  A quasit (D:5)
  4 hounds
  5 orc priests
  2 centaur skeletons
  A giant frog skeleton (D:6)
  9 orc wizards
  2 iguanas
  4 worker ants
  4 sheep (D:8)
  A hound zombie (D:8)
  A worker ant zombie (D:6)
  11 gnolls
  10 river rats (Lair:1)
  5 adders
  2 shadow imps
  An ooze (D:7)
  A worm (D:3)
  2 dart slugs (D:1)
  3 giant geckos
  26 orcs
  9 bats
  3 giant cockroaches
  5 goblins
  11 hobgoblins
  2 jackals (D:8)
  10 kobolds
  2 quokkas
  6 ball pythons
  A giant gecko zombie (D:6)
  8 giant newts
  2 quokka zombies
  11 rats
220 creatures vanquished.

Vanquished Creatures (others)
  Sigmund (D:6)
  An orc wizard (D:6)
  A fungus (Lair:1)
3 creatures vanquished.

Grand Total: 223 creatures vanquished

Notes
Turn   | Place    | Note
--------------------------------------------------------------
     0 | D:1      | MovingMist the Demonspawn Fighter began the quest for the Orb.
     0 | D:1      | Reached XP level 1. HP: 18/18 MP: 1/1
   221 | D:1      | Gained mutation: Your flesh is cold resistant. [demonic ancestry]
   221 | D:1      | Reached XP level 2. HP: 15/24 MP: 2/2
   715 | D:1      | Reached XP level 3. HP: 28/29 MP: 3/3
  1039 | D:2      | Found a burning altar of Makhleb.
  1189 | D:2      | Became a worshipper of Makhleb the Destroyer
  1532 | D:2      | You fall through a shaft!
  1532 | D:3      | Found an oddly glowing altar of Pakellas.
  1574 | D:4      | Reached XP level 4. HP: 19/37 MP: 4/4
  1585 | D:4      | Reached skill level 4 in Fighting
  1589 | D:4      | Found a deep blue altar of Sif Muna.
  1889 | D:3      | Noticed JetFlynn's ghost (amateur TeSu)
  1960 | D:3      | Killed JetFlynn's ghost
  1960 | D:3      | Gained mutation: You are partially covered in iridescent scales (AC +4). [demonic ancestry]
  1960 | D:3      | Reached XP level 5. HP: 23/43 MP: 5/5
  2037 | D:3      | Found a glowing golden altar of the Shining One.
  2049 | D:3      | Reached * piety under Makhleb
  2285 | D:3      | Reached XP level 6. HP: 49/49 MP: 6/6
  2701 | D:4      | Found a sacrificial altar of Ru.
  2836 | D:4      | Reached skill level 1 in Dodging
  2859 | D:4      | Reached skill level 5 in Fighting
  2915 | D:4      | Found a glowing golden altar of the Shining One.
  3023 | D:5      | Entered Level 5 of the Dungeon
  3100 | D:5      | Noticed a spriggan
  3100 | D:5      | Noticed a spriggan
  3100 | D:5      | Noticed a spriggan
  3101 | D:5      | Noticed a spriggan
  3118 | D:5      | Killed a spriggan
  3118 | D:5      | Gained mutation: You are mostly covered in iridescent scales (AC +6). [demonic ancestry]
  3118 | D:5      | Reached XP level 7. HP: 27/56 MP: 7/7
  3136 | D:5      | Killed a spriggan
  3141 | D:5      | Killed a spriggan
  3153 | D:5      | Killed a spriggan
  3153 | D:5      | Reached ** piety under Makhleb
  3153 | D:5      | Gained mutation: You have a pair of small horns on your head. [demonic ancestry]
  3153 | D:5      | Reached XP level 8. HP: 54/64 MP: 8/8
  3209 | D:5      | Reached skill level 6 in Fighting
  3209 | D:5      | Reached skill level 5 in Axes
  3209 | D:5      | Reached skill level 5 in Dodging
  3516 | D:5      | Gained mutation: You are completely covered in iridescent scales (AC +8). [demonic ancestry]
  3516 | D:5      | Reached XP level 9. HP: 70/71 MP: 9/9
  3532 | D:5      | Reached skill level 7 in Fighting
  3826 | D:5      | Noticed Menkaure
  3832 | D:5      | Killed Menkaure
  3906 | D:5      | Gained mutation: You are dopey. (Int -2) [mutagenic meat]
  3907 | D:5      | Gained mutation: Your body sometimes deteriorates upon taking damage. [mutagenic meat]
  3908 | D:5      | Lost mutation: You are dopey. (Int -2) [mutagenic meat]
  3909 | D:5      | Gained mutation: Your body often deteriorates upon taking damage. [mutagenic meat]
  4237 | D:6      | Noticed Sigmund
  4253 | D:6      | Reached *** piety under Makhleb
  4263 | D:6      | Killed Sigmund
  4342 | D:6      | Gained mutation: You regenerate slowly when monsters are visible. [potion of mutation]
  4342 | D:6      | Gained mutation: Scrolls take you a little longer to read. [potion of mutation]
  4342 | D:6      | Gained mutation: You tend to lose your temper in combat. [potion of mutation]
  4503 | D:6      | Found a staircase to the Ecumenical Temple.
  4877 | D:7      | Found an ancient bone altar of Kikubaaqudgha.
  4903 | D:7      | Reached skill level 1 in Invocations
  5105 | D:7      | Found an opulent altar of Gozag.
  5108 | D:7      | Found an iron altar of Okawaru.
  5149 | D:7      | Reached **** piety under Makhleb
  5215 | D:7      | Reached skill level 8 in Fighting
  5240 | D:7      | Noticed Prince Ribbit
  5325 | D:7      | Noticed Duvessa
  5325 | D:7      | Noticed Dowan
  5333 | D:7      | Killed Dowan
  5348 | D:7      | Killed Duvessa
  5391 | D:7      | Killed Prince Ribbit
  5391 | D:7      | Reached XP level 10. HP: 80/80 MP: 12/12
  5757 | D:8      | Found Emeaqoifi's Antique Weapon Boutique.
  5870 | D:8      | Found a shadowy altar of Dithmenos.
  5984 | D:8      | Noticed an elephant
  5996 | D:8      | Reached skill level 5 in Armour
  6035 | D:8      | Found a staircase to the Lair.
  6049 | D:8      | Killed an elephant
  6552 | Lair:1   | Entered Level 1 of the Lair of Beasts
  6582 | Lair:1   | Reached ***** piety under Makhleb
  6582 | Lair:1   | Reached skill level 5 in Invocations
  6656 | Lair:1   | Noticed a black mamba
  6661 | Lair:1   | Killed a black mamba
  6661 | Lair:1   | Reached skill level 9 in Fighting
  6828 | Lair:1   | HP: 4/83 [blink frog (5)]
  6830 | Lair:1   | Slain by a blink frog

Vault maps used:
D:1:      saegor_arrival_simple_e, minmay_three_crescents
D:2:      lemuel_round_altar, first_bread
D:3:      lemuel_round_altar, nicolae_overflow_hidden_temple
D:4:      old_standard_altar, lemuel_round_altar, tso_metal_star
D:5:      forest_paths, enter_ossuary_2, uniq_menkaure
D:6:      minmay_temple_entry_junction, uniq_sigmund
D:7:      kiku_gazebo_pond_becter, grunt_temple_overflow_open,
          uniq_prince_ribbit1, uniq_duvessa
D:8:      kennysheep_mini_moat, david_lair_generic, serial_shops, shop,
          grunt_livestock
Lair:1:   beast_lair_carwin_9, infiniplex_staircase_pool_2

Skill      XL: |  1  2  3  4  5  6  7  8  9 10 |
---------------+-------------------------------+-----
Axes           | 2 3 4 5 7 8 |  8.1
Armour         | 3 4 6 |  6.2
Fighting       | 4 5 6 8 9 |  9.3
Dodging        | 3 4 6 7 |  7.8
Invocations    | 3 6 |  6.3
Shields        | |  2.6

Action                   |  1- 3 |  4- 6 |  7- 9 | 10-12 || total
-------------------------+-------+-------+-------+-------++-------
Melee: War axe           |    14 |    63 |   267 |       ||   344
       Hand axe          |   142 |   138 |    75 |   218 ||   573
       Headbutt          |       |       |    54 |    44 ||    98
  Use: Scroll            |     8 |     2 |    13 |       ||    23
       Potion            |       |       |     2 |     2 ||     4
  Eat: Bread ration      |     1 |     1 |       |       ||     2
       Chunk             |       |     3 |    14 |     5 ||    22
Armor: Scale mail        |    34 |       |       |       ||    34
       Plate armour      |    67 |   168 |   271 |   128 ||   634
       Skin              |     1 |       |       |       ||     1
Dodge: Dodged            |    66 |    58 |   142 |    88 ||   354
